Map: Ephemeron LE

Players

Zest - Winner!

  • Race: Protoss Protoss
  • League: Master
  • Spawn Location: 11:00

TSGTYTY (TY)

  • Race: Terran Terran
  • League: Grandmaster
  • Spawn Location: 5:00

VOD

Have the link to the VOD?

Description

Time

  • Played on: Jan. 7, 2020, 10:13 p.m.
  • Length: 13:36
Show
View Real Time Build Order
Export as new Build Order

Zest Protoss - Winner!

Build Orders: 1 Gate Expand, Colossus Rush 

Get SALT Encoding   

  12  0:00  Probe  
  13  0:13  Probe  
  14  0:17  Pylon  
  14  0:25  Probe (Chrono Boost)  
  15  0:37  Probe (Chrono Boost), Gateway  
  16  0:44  Probe (Chrono Boost)  
  16  0:47  Assimilator  
  17  0:51  Probe  
  18  1:03  Probe  
  19  1:15  Probe  
  20  1:24  Cybernetics Core  
  20  1:33  Nexus  
  20  1:36  Probe  
  21  1:43  Pylon  
  21  1:48  Probe  
  21  1:51  Assimilator  
  22  1:58  Adept (Chrono Boost)  
  22  2:00  Probe  
  25  2:03  Warp Gate  
  25  2:12  Probe  
  26  2:25  Probe, Robotics Facility  
  27  2:31  Adept  
  30  2:38  Probe (Chrono Boost)  
  30  2:45  Probe (Chrono Boost)  
  32  2:54  Probe x2 (Chrono Boost)  
  33  2:59  Probe (Chrono Boost)  
  33  3:00  Stalker (Chrono Boost)  
  33  3:01  Probe  
  37  3:11  Probe, Gateway  
  38  3:13  Observer (Chrono Boost)  
  38  3:14  Probe  
  40  3:20  Pylon  
  40  3:21  Stalker  
  40  3:23  Probe  
  43  3:27  Observer (Chrono Boost)  
  43  3:28  Probe  
  43  3:32  Shield Battery  
  45  3:36  Probe  
  45  3:39  Assimilator  
  46  3:41  Probe, Assimilator  
  46  3:47  Robotics Bay  
  46  3:48  Probe  
  48  3:56  Observer  
  48  4:00  Probe x2  
  51  4:05  Adept  
  51  4:08  Pylon  
  53  4:23  Probe (Chrono Boost)  
  53  4:24  Probe (Chrono Boost)  
  45  4:36  Probe x2 (Chrono Boost)  
  45  4:37  Colossus (Chrono Boost)  
  47  4:40  Gravitic Drive  
  47  4:42  Probe x2 (Chrono Boost)  
  55  4:51  Probe  
  56  4:54  Pylon  
  56  4:57  Stalker  
  56  4:58  Probe  
  59  5:05  Pylon  
  59  5:07  Probe  
  60  5:20  Probe  
  61  5:24  Probe  
  62  5:29  Stalker x2  
  62  5:33  Probe  
  62  5:34  Observer  
  63  5:37  Probe  
  63  5:41  Warp Prism (Chrono Boost)  
  60  5:50  Probe x2  
  60  5:52  Nexus  
  60  5:55  Pylon  
  60  5:56  Observer  
  62  6:02  Probe x2  
  64  6:11  Immortal, Observer  
  64  6:14  Probe (Chrono Boost)  
  64  6:15  Probe (Chrono Boost)  
  70  6:24  Forge, Twilight Council  
  69  6:27  Probe x2 (Chrono Boost)  
  71  6:35  Probe x2 (Chrono Boost), Pylon  
  73  6:41  Probe  
  73  6:43  Gateway  
  73  6:45  Gateway  
  74  6:51  Protoss Ground Armor Level 1  
  74  6:53  Probe x2  
  76  6:55  Observer  
  76  6:56  Forge  
  76  6:59  Charge (Chrono Boost)  
  76  7:04  Sentry x2  
  76  7:05  Templar Archives  
  76  7:07  Probe (Chrono Boost)  
  76  7:08  Probe (Chrono Boost)  
  83  7:12  Probe (Chrono Boost)  
  84  7:16  Probe (Chrono Boost)  
  84  7:17  Probe (Chrono Boost)  
  84  7:19  Probe (Chrono Boost)  
  84  7:21  Probe (Chrono Boost), Pylon  
  86  7:26  Probe  
  86  7:29  Protoss Ground Weapons Level 1 (Chrono Boost)  
  88  7:30  Gateway  
  88  7:31  Gateway  
  88  7:33  Gateway  
  88  7:34  Probe  
  89  7:41  Immortal  
  93  7:45  Zealot  
  93  7:46  High Templar  
  93  7:47  Psionic Storm  
  93  7:48  High Templar x2  
  101  7:55  Assimilator  
  101  7:58  Assimilator  
  101  8:00  Observer  
  101  8:04  Photon Cannon  
  101  8:05  Shield Battery  
  101  8:09  Zealot  
  103  8:15  Gateway  
  103  8:17  Pylon  
  103  8:18  Probe x2  
  103  8:19  Photon Cannon  
  106  8:20  Probe  
  106  8:23  Immortal  
  110  8:30  Probe  
  111  8:35  High Templar x4  
  111  8:36  Pylon  
  111  8:39  Archon  
  111  8:40  Blink (Chrono Boost)  
  119  8:46  Observer  
  118  8:48  Stalker  
  118  8:49  Zealot, Stalker  
  118  8:55  Observer  
  120  9:17  Nexus  
  120  9:18  Pylon  
  120  9:20  Probe  
  120  9:21  Protoss Ground Armor Level 2 (Chrono Boost)  
  120  9:22  Probe  
  120  9:24  Zealot x2, Stalker x3  
  124  9:28  Robotics Facility  
  124  9:29  Protoss Ground Weapons Level 2 (Chrono Boost)  
  124  9:30  Pylon x2  
  132  9:57  Stalker  
  132  9:59  Pylon  
  134  10:03  Disruptor (Chrono Boost)  
  134  10:06  Probe x2  
  139  10:07  Gateway  
  139  10:08  Gateway  
  139  10:11  Zealot x3  
  141  10:15  Zealot x4  
  147  10:33  Zealot x4  
  158  10:37  Disruptor (Chrono Boost)  
  158  10:40  Stalker x4  
  166  10:45  Probe x2  
  166  10:46  Probe x2  
  124  11:14  Zealot x10  
  124  11:36  Warp Prism (Chrono Boost)  
  124  11:39  Zealot x10  
  134  11:40  Disruptor (Chrono Boost)  
  130  11:59  High Templar  
  130  12:00  High Templar x3, Sentry x3  
  144  12:03  Stalker x2  
  144  12:04  Stalker  
  150  12:18  Observer x2  
  152  12:23  Stalker x2  
  152  12:24  Zealot  
  152  12:25  Probe, Observer  
  152  12:26  Probe x3  
  162  12:40  Stalker x7  
  162  12:43  Pylon  
  176  12:44  Pylon  
  150  13:06  Archon  
  150  13:11  Zealot x10  
  127  13:34  Zealot x3  
Show
View Real Time Build Order
Export as new Build Order

TSGTYTY Terran 

Build Orders: Hellion Opening 

Get SALT Encoding   

  12  0:00  SCV  
  13  0:12  SCV  
  14  0:17  Supply Depot  
  14  0:25  SCV  
  15  0:38  SCV  
  15  0:40  Barracks  
  16  0:43  Refinery  
  16  0:50  SCV  
  17  1:02  SCV  
  18  1:15  SCV  
  19  1:27  Marine  
  19  1:28  Orbital Command  
  20  1:44  Command Center  
  20  1:55  Factory  
  20  1:59  SCV  
  21  2:02  Barracks Reactor  
  21  2:09  Supply Depot  
  21  2:12  SCV  
  22  2:24  SCV  
  23  2:36  SCV  
  24  2:40  Starport  
  24  2:44  Hellion x2  
  28  2:46  Marine  
  28  2:48  SCV  
  29  3:00  SCV  
  29  3:05  Hellion x2  
  34  3:12  SCV, Orbital Command  
  35  3:17  Medivac  
  37  3:24  SCV  
  37  3:27  Hellion  
  40  3:29  Hellion  
  42  3:35  Supply Depot  
  42  3:36  SCV  
  42  3:39  SCV  
  44  3:49  SCV  
  44  3:51  SCV  
  46  3:57  Marine x2  
  46  3:58  Factory Tech Lab  
  46  3:59  Refinery  
  46  4:01  SCV  
  49  4:03  SCV, Supply Depot  
  50  4:13  SCV  
  50  4:14  Marine x2  
  50  4:15  SCV  
  52  4:25  SCV, Siege Tank  
  52  4:27  SCV  
  53  4:32  Marine x2  
  53  4:34  Supply Depot  
  53  4:37  SCV  
  56  4:39  SCV  
  56  4:42  Command Center  
  57  4:49  SCV  
  57  4:51  Marine x2, SCV  
  61  4:54  Refinery  
  61  4:57  Siege Tank  
  64  5:01  SCV  
  64  5:02  Starport Tech Lab  
  64  5:04  SCV  
  66  5:07  Barracks  
  66  5:10  Supply Depot, Barracks  
  66  5:13  SCV  
  67  5:16  SCV  
  67  5:18  Marine x2  
  67  5:25  SCV  
  67  5:28  SCV  
  69  5:31  Viking  
  69  5:32  Siege Tank  
  72  5:36  Marine x2  
  72  5:37  SCV  
  72  5:40  SCV  
  71  5:50  SCV  
  71  5:52  SCV  
  71  5:54  Marine x2  
  71  5:56  Orbital Command, Barracks Tech Lab  
  74  6:01  Raven, Supply Depot, Refinery  
  74  6:02  SCV  
  78  6:04  SCV  
  78  6:08  Supply Depot  
  78  6:09  Supply Depot  
  79  6:11  Marine  
  79  6:14  SCV  
  79  6:16  SCV, Marauder  
  83  6:19  Marine  
  83  6:22  Factory Reactor  
  83  6:23  Marauder  
  86  6:26  SCV  
  86  6:28  SCV, Orbital Command  
  86  6:29  Marine  
  86  6:30  Engineering Bay x2  
  89  6:33  Stimpack  
  89  6:38  SCV  
  89  6:39  Supply Depot  
  90  6:40  Marine, SCV, Marauder  
  90  6:45  Marauder  
  95  6:50  SCV  
  95  6:52  SCV  
  95  6:53  SCV  
  87  7:02  SCV, Terran Infantry Weapons Level 1, Terran Infantry Armor Level 1  
  87  7:05  SCV x2  
  90  7:09  Missile Turret  
  90  7:14  SCV  
  93  7:16  Marine  
  93  7:17  SCV, Marine  
  93  7:18  SCV  
  93  7:21  Missile Turret  
  95  7:24  Supply Depot  
  95  7:26  SCV, Medivac x2  
  95  7:29  SCV, Marine x2  
  103  7:30  SCV, Supply Depot  
  104  7:38  Marine x2  
  104  7:43  SCV x2  
  106  7:47  Supply Depot, Marauder x2  
  106  7:49  SCV  
  106  7:51  Combat Shield  
  111  7:55  Supply Depot  
  111  7:57  Viking  
  113  8:00  Missile Turret, Viking  
  113  8:01  SCV x2  
  113  8:04  SCV  
  118  8:09  Marauder x2  
  118  8:12  Armory  
  122  8:13  Supply Depot  
  122  8:15  SCV  
  122  8:19  Marine x2  
  127  8:24  Barracks  
  127  8:25  SCV x2  
  127  8:26  Barracks  
  127  8:27  SCV  
  127  8:28  Viking  
  127  8:32  Refinery  
  127  8:33  Refinery  
  130  8:34  Viking  
  130  8:37  SCV x2  
  130  8:40  SCV  
  135  8:47  Marine x2  
  137  8:49  Marine x2, SCV, Supply Depot x2  
  137  8:52  Ghost Academy  
  139  9:02  Viking  
  143  9:04  Viking  
  143  9:05  Marine  
  145  9:11  Command Center  
  145  9:12  Barracks Reactor, Barracks Tech Lab  
  145  9:15  Terran Infantry Weapons Level 2  
  144  9:17  Terran Infantry Armor Level 2  
  148  9:33  Missile Turret  
  148  9:37  Marine x2  
  152  9:41  SCV x3, Missile Turret  
  155  9:48  Concussive Shells  
  155  9:50  Marine x2, Supply Depot, Unknown, Enhanced Shockwaves  
  159  9:53  SCV x3  
  159  9:54  Unknown  
  159  9:58  Marine x2  
  163  10:00  Unknown  
  163  10:01  Supply Depot  
  163  10:05  SCV  
  164  10:09  Terran Ship Weapons Level 1  
  164  10:10  Marine x2  
  165  10:20  Viking x2, Unknown  
  169  10:25  Marine x3  
  169  10:27  SCV  
  175  10:35  Sensor Tower  
  175  10:36  Liberator  
  175  10:37  Command Center  
  175  10:41  Marine x2  
  177  10:43  SCV x2, Planetary Fortress  
  177  10:44  Marauder  
  177  10:46  Missile Turret  
  178  10:50  Marauder, Unknown x2  
  159  11:04  Liberator  
  159  11:06  Marine x2, Marauder  
  159  11:07  Marauder  
  149  11:13  SCV x2  
  149  11:18  Marauder  
  138  11:25  Marine x2  
  141  11:28  Marine x2, Marauder x2  
  144  11:39  Marauder  
  119  11:43  Marine x2  
  107  11:47  SCV  
  107  11:49  Marauder  
  110  11:57  Marine  
  110  11:59  Command Center  
  110  12:00  Marine  
  113  12:08  Marine x2  
  113  12:11  SCV  
  113  12:12  SCV x2  
  118  12:17  Medivac  
  118  12:18  Medivac  
  118  12:19  Marine x2  
  118  12:20  Missile Turret  
  126  12:24  SCV x3  
  126  12:25  Unknown  
  126  12:27  Marine  
  126  12:28  Marine  
  126  12:29  Unknown  
  131  12:41  Marauder  
  133  12:46  Planetary Fortress  
  133  12:48  Missile Turret  
  133  12:49  Marine  
  133  12:50  Marauder, Unknown  
  136  12:54  Marine x3  
  116  13:11  Marine x3, Marauder x2  
  116  13:12  Marine  
Tags
 
Add a new tag
Caveats
  • Supply blocks, unpowered buildings, or Contaminate may cause inaccurate times.
  • Supply counts are checked every 10 seconds.